Cogmind - Beta 14 @@@ ROGUE MODE // 2025.01.15 @ 23:58:22 Player: cabin Result: Destroyed by H-55 Commando with Gauss Rifle Performance ------------- Evolutions (2) 1000 Regions Visited (6) 1200 Robots Destroyed (14) 70 Value Destroyed (318) 318 Prototype IDs (25) 500 Alien Tech Used (0) 0 Bonus (300) 300 TOTAL SCORE: 3388 Bonus ------- Aligned with FarCom 300 Cogmind --------- Core Integrity 0/550 Matter 293/300 Energy 99/100 System Corruption 0% Temperature Cool (0) Movement Core (100) Ox1 Location -8/Storage Parts ------- > --- POWER (2) -------- (None) > --- PROPULSION (2) --- (None) > --- UTILITY (5) ------ Improved Signal Interpreter Transport Network Coupler Weapon Shielding > --- WEAPON (2) ------- Great Maul > --- INVENTORY (5) ---- Light Ion Engine Hover Unit Small Storage Unit Terrain Scanner Light Assault Rifle Peak State ------------ > --- POWER ------------ Light Ion Engine Light Deuterium Engine > --- PROPULSION ------- Flight Unit Flight Unit > --- UTILITY ---------- Heat Sink Improved Signal Interpreter Cloak of Protection Weapon Shielding Skeleton Box > --- WEAPON ----------- Light Assault Rifle Minigun > --- INVENTORY -------- Light Ion Engine Hover Unit Small Storage Unit Terrain Scanner [Rating: 29] Favorites ----------- Power Light Ion Engine Engine Light Ion Engine Propulsion Light Treads Treads Light Treads Hover Unit Hover Unit Flight Unit Flight Unit Utility Small Storage Unit Device Skeleton Box Storage Small Storage Unit Processor Improved Signal Interpreter Protection Weapon Shielding Weapon EM Pulse Gun Energy Gun EM Pulse Gun Ballistic Gun Light Assault Rifle Impact Weapon Great Maul Build | -11 -10 -10 -10 -9 -8 -8 ------- Run | Yrd Mat Min Exi Min Mat Sto Slots Evolved 4 | . . . . . 4 . Power 1 | . . . . . 1 . Propulsion . | . . . . . . . Utility 3 | . . . . . 3 . Weapon . | . . . . . . . Parts Attached 25 | 6 1 2 2 6 6 2 Power 6 | 1 1 . . 2 2 . Engine 6 | 1 1 . . 2 2 . Core . | . . . . . . . Reactor . | . . . . . . . Propulsion 5 | 2 . . . 3 . . Treads 2 | 2 . . . . . . Leg . | . . . . . . . Wheel . | . . . . . . . Hover 1 | . . . . 1 . . Flight 2 | . . . . 2 . . Utility 8 | 1 . 1 2 . 3 1 Device 4 | . . 1 2 . 1 . Storage 1 | 1 . . . . . . Processor 2 | . . . . . 1 1 Hackware . | . . . . . . . Protection 1 | . . . . . 1 . Artifact . | . . . . . . . Weapon 6 | 2 . 1 . 1 1 1 Energy Gun 1 | . . 1 . . . . Energy Cannon . | . . . . . . . Ballistic Gun 4 | 2 . . . 1 1 . Ballistic Cannon . | . . . . . . . Launcher . | . . . . . . . Special Weapon . | . . . . . . . Impact Weapon 1 | . . . . . . 1 Slashing Weapon . | . . . . . . . Piercing Weapon . | . . . . . . . Special Melee Weapon . | . . . . . . . Unidentified Prototypes 2 | . . . 2 . . . Parts Lost 14 | . 3 . . 4 . 7 Power 4 | . 1 . . 1 . 2 Propulsion 4 | . . . . 2 . 2 Utility 3 | . . . . . . 3 Weapon 3 | . 2 . . 1 . . Highest Loss Streak 6 | . 3 . . 4 . 6 To Critical Strikes 1 | . . . . . . 1 Average Slot Usage (%) 73 | . 80 63 70 75 79 72 Engine 6 | . 13 . . 8 18 12 Treads 18 | . 28 28 28 8 . . Flight 5 | . . . . 16 18 13 Device 16 | . . 10 18 28 21 19 Storage 7 | . 14 14 9 . . . Processor 1 | . . . . . 2 10 Protection 1 | . . . . . 4 9 Energy Gun 6 | . . 9 14 2 . . Ballistic Gun 6 | . 24 . . 9 13 3 Peak Build Rating 29 | 6 6 5 17 18 29 29 Average Rating 11 | 4 5 4 9 17 22 19 On Entrance 11 | . 6 3 5 17 18 29 Naked Turns . | . . . . . . . Heaviest Build 24 | 11 13 8 12 14 24 24 Greatest Support 40 | 40 40 40 40 40 8 8 Greatest Overweight (x) 2 | . . . . 2 2 2 Average Overweight (x) . | . . . . . 2 1 Largest Inventory Capacity 8 | 8 8 8 8 5 5 5 Average Capacity 6 | 5 8 8 6 5 5 5 Most Carried 5 | . 2 2 4 4 4 5 Average Carried 2 | . 1 2 2 3 3 4 Final Capacity 8 | 8 8 8 5 5 5 5 Final Carried 5 | . 2 2 4 4 4 5 Class Distribution -------------------- 72% | Mutant 27% | Scavenger-Mutant Dominant Class ---------------- Mutant | -10/Materials Mutant | -10/Mines Mutant | -10/Exiles Scavenger-Mutant | -9/Mines Scavenger-Mutant | -8/Materials Scavenger-Mutant | -8/Storage Resources | -11 -10 -10 -10 -9 -8 -8 ----------- Run | Yrd Mat Min Exi Min Mat Sto Matter Collected 486 | 241 77 . . 105 55 8 Remotely . | . . . . . . . Salvage Created 357 | . 177 . . 33 85 62 Parts 34 | . 15 . . 5 10 4 Haulers Intercepted . | . . . . . . . Recyclers Shooed . | . . . . . . . Parts Field Recycled . | . . . . . . . Retrieved Matter . | . . . . . . . Parts Self-Destructed . | . . . . . . . Prevented . | . . . . . . . Kills | -11 -10 -10 -10 -9 -8 -8 ------- Run | Yrd Mat Min Exi Min Mat Sto Combat Hostiles Destroyed 12 | . 5 . . 2 1 4 Melee 3 | . . . . . . 3 Guns 8 | . 5 . . 2 1 . Classes Destroyed 4 | . 3 . . . 1 . Watcher 2 | . 1 . . . 1 . Swarmer 7 | . 2 . . 2 . 3 Grunt 4 | . 3 . . . . 1 Sentry 1 | . . . . . 1 . Best Kill Streak 4 | . 2 . . 1 2 4 Combat Bots Only 4 | . 2 . . 1 1 4 Max Kills in Single Turn 1 | . 1 . . 1 1 1 Gunslinging . | . . . . . . . Exploded . | . . . . . . . Melee 1 | . . . . . . 1 Uniques/NPCs Destroyed . | . . . . . . . Combat | -11 -10 -10 -10 -9 -8 -8 -------- Run | Yrd Mat Min Exi Min Mat Sto Hostile Shots Fired 260 | . 74 . . 73 6 107 Missed 74 | . 22 . . 24 3 25 Damage Taken 1883 | . 585 . . 378 42 878 Core 666 | . 87 . . 16 . 563 Absorbed by Shields . | . . . . . . . Redirected to Shielding 26 | . . . . . 4 22 Core Remaining (%) 79 | 100 . . . 58 . . Volleys Fired 44 | . 25 . . 14 5 . Largest 2 | . 2 . . 1 2 . Hottest 45 | . 40 . . 20 45 . Shots Fired 68 | . 44 . . 14 10 . Gun 68 | . 44 . . 14 10 . Cannon . | . . . . . . . Launcher . | . . . . . . . Special . | . . . . . . . Kinetic 68 | . 44 . . 14 10 . Thermal . | . . . . . . . Explosive . | . . . . . . . Electromagnetic . | . . . . . . . Robot Hit Streak 12 | . 12 . . 2 3 . Robot Miss Streak 4 | . 4 . . 3 3 . Penetration Max . | . . . . . . . Secondary Targets . | . . . . . . . Shots Hit Robots 43 | . 27 . . 5 5 6 Core Hits 24 | . 13 . . 4 4 3 Critical Kills 1 | . . . . . . 1 Critical Parts Destroyed 2 | . . . . . . 2 Critical Strikes 3 | . . . . . . 3 Smash 3 | . . . . . . 3 Melee Attacks 12 | . . . . . . 12 Impact 12 | . . . . . . 12 Slashing . | . . . . . . . Piercing . | . . . . . . . Sneak Attacks . | . . . . . . . Combat Hostiles . | . . . . . . . Follow-up Attacks . | . . . . . . . Damage Inflicted 652 | . 274 . . 50 69 259 Guns 389 | . 274 . . 46 69 . Cannons . | . . . . . . . Explosions . | . . . . . . . Melee 259 | . . . . . . 259 Ramming 4 | . . . . 4 . . Kinetic 389 | . 274 . . 46 69 . Thermal . | . . . . . . . Explosive . | . . . . . . . Electromagnetic . | . . . . . . . Impact 259 | . . . . . . 259 Slashing . | . . . . . . . Piercing . | . . . . . . . Highest Corruption . | . . . . . . . Average Corruption . | . . . . . . . Corruption Purged . | . . . . . . . Corruption Blocked . | . . . . . . . Overload Shots . | . . . . . . . Overflow Damage 106 | . . . . . . 106 Projectiles . | . . . . . . . Explosions . | . . . . . . . Melee 106 | . . . . . . 106 Knockbacks . | . . . . . . . Impact . | . . . . . . . Kinetic . | . . . . . . . Secondary . | . . . . . . . Self-Inflicted Damage 1 | . . . . 1 . . Shots . | . . . . . . . Rammed 2 | . . . . 2 . . Targets Rammed 2 | . . . . 2 . . Kicked . | . . . . . . . Crushed . | . . . . . . . Highest Temperature 30 | . 30 . . 1 21 1 Average Temperature 10 | . 11 . . 1 10 1 Received Heat Transfer 420 | . 285 . . . 18 117 Siege Activations . | . . . . . . . Robots Corrupted 1 | . . . . . . 1 Combat Hostiles 1 | . . . . . . 1 Parts Fried 2 | . . . . . . 2 Impact Corruptions 3 | . . . . . . 3 Robots Melted . | . . . . . . . Combat Hostiles . | . . . . . . . Parts Melted . | . . . . . . . Heat Transferred . | . . . . . . . Parts Sabotaged . | . . . . . . . Parts Stolen . | . . . . . . . Parts Stripped . | . . . . . . . Power Chain Reactions . | . . . . . . . Alert | -11 -10 -10 -10 -9 -8 -8 ------- Run | Yrd Mat Min Exi Min Mat Sto Peak Influence 136 | . 136 48 . 40 52 90 Initial 48 | . . 48 . . 15 21 Average 35 | . 72 48 . 21 31 20 Maximum Alert Level . | . . . . . . . Low Security (%) 100 | 100 100 100 . 100 100 100 Level 1 . | . . . . . . . Level 2 . | . . . . . . . Level 3 . | . . . . . . . Level 4 . | . . . . . . . Level 5 . | . . . . . . . High Security . | . . . . . . . Max Security . | . . . . . . . Squads Dispatched 3 | . 2 . . . . 1 Investigation 2 | . 1 . . . . 1 Extermination . | . . . . . . . Reinforcement 1 | . 1 . . . . . Assault . | . . . . . . . Garrison . | . . . . . . . Intercept . | . . . . . . . Searches Triggered . | . . . . . . . Construction Impeded . | . . . . . . . Haulers Reinforced . | . . . . . . . Active Scanning Responses . | . . . . . . . Cargo Convoy Interrupts . | . . . . . . . Stealth | -11 -10 -10 -10 -9 -8 -8 --------- Run | Yrd Mat Min Exi Min Mat Sto Distress Signals . | . . . . . . . Communications Jammed . | . . . . . . . Distress Signals . | . . . . . . . Times Spotted 27 | . 11 . . 4 3 9 Peak Tracking Total 7 | . 7 . . 4 3 7 Tactical Retreats 2 | . . . . . . 2 Traps | -11 -10 -10 -10 -9 -8 -8 ------- Run | Yrd Mat Min Exi Min Mat Sto Traps Triggered 2 | . 1 . . . . 1 Indirectly . | . . . . . . . Trap Hack Attempts . | . . . . . . . Triggered . | . . . . . . . Disarmed . | . . . . . . . Reprogrammed . | . . . . . . . Reused . | . . . . . . . Traps Extracted . | . . . . . . . Installed . | . . . . . . . Triggered . | . . . . . . . Machines | -11 -10 -10 -10 -9 -8 -8 ---------- Run | Yrd Mat Min Exi Min Mat Sto Machines Disabled . | . . . . . . . Max in Single Turn . | . . . . . . . Machines Repaired . | . . . . . . . Machines Dismantled . | . . . . . . . Machines Sabotaged . | . . . . . . . Overloaded Fab Kills . | . . . . . . . Hacking | -11 -10 -10 -10 -9 -8 -8 --------- Run | Yrd Mat Min Exi Min Mat Sto Machines Accessed 4 | . 1 . 2 . . 1 Terminals 2 | . 1 . . . . 1 Fabricators . | . . . . . . . Repair Stations . | . . . . . . . Recycling Units . | . . . . . . . Scanalyzers . | . . . . . . . Garrison Access . | . . . . . . . Total Hacks 8 | . 2 . 5 . . 1 Successful 8 | . 2 . 5 . . 1 Failed . | . . . . . . . Catastrophic . | . . . . . . . Database Lockouts . | . . . . . . . Manual 4 | . . . 4 . . . Terminals 3 | . 2 . . . . 1 Fabricators . | . . . . . . . Repair Stations . | . . . . . . . Recycling Units . | . . . . . . . Scanalyzers . | . . . . . . . Garrison Access . | . . . . . . . Terminal Hacks 8 | . 2 . 5 . . 1 Record 4 | . . . 4 . . . Prototype ID Bank 1 | . 1 . . . . . Open Door 1 | . . . . . . 1 Emergency Access Points 1 | . 1 . . . . . Derelict Proto ID Bank 1 | . . . 1 . . . Fabricator Hacks . | . . . . . . . Repair Station Hacks . | . . . . . . . Recycling Unit Hacks . | . . . . . . . Scanalyzer . | . . . . . . . Garrison Access Hacks . | . . . . . . . Unauthorized Hacks . | . . . . . . . Terminals . | . . . . . . . Fabricators . | . . . . . . . Repair Stations . | . . . . . . . Recycling Units . | . . . . . . . Scanalyzers . | . . . . . . . Garrison Access . | . . . . . . . Data Cores Recovered . | . . . . . . . Used . | . . . . . . . Hacking Detections . | . . . . . . . Full Trace Events . | . . . . . . . Feedback Events . | . . . . . . . Feedback Blocked . | . . . . . . . Robot Schematics Acquired . | . . . . . . . Robots Built . | . . . . . . . Authchips . | . . . . . . . Time . | . . . . . . . Total Robot Build Rating . | . . . . . . . Part Schematics Acquired . | . . . . . . . Parts Built . | . . . . . . . Authchips . | . . . . . . . Time . | . . . . . . . Total Part Build Rating . | . . . . . . . Parts Repaired . | . . . . . . . Time . | . . . . . . . Parts Recycled . | . . . . . . . Recycled Matter . | . . . . . . . Retrieved Matter . | . . . . . . . Retrieved Components . | . . . . . . . Parts Scanalyzed . | . . . . . . . Part Schematics Acquired . | . . . . . . . Parts Damaged . | . . . . . . . Bothacking | -11 -10 -10 -10 -9 -8 -8 ------------ Run | Yrd Mat Min Exi Min Mat Sto Used RIF Installer . | . . . . . . . Robots Hacked . | . . . . . . . Non-combat . | . . . . . . . Combat . | . . . . . . . Robot Hacks Applied . | . . . . . . . Relay Couplers Released . | . . . . . . . Fabnet Peak Effective % . | . . . . . . . Robots Rewired . | . . . . . . . Allies Hacked . | . . . . . . . Hacks Repelled . | . . . . . . . Allies | -11 -10 -10 -10 -9 -8 -8 -------- Run | Yrd Mat Min Exi Min Mat Sto Total Allies . | . . . . . . . Largest Group . | . . . . . . . Highest-Rated Group . | . . . . . . . Highest-Rated Ally . | . . . . . . . Total Orders . | . . . . . . . Ally Attacks . | . . . . . . . Total Damage . | . . . . . . . Kills . | . . . . . . . Allies Corrupted . | . . . . . . . Allies Melted . | . . . . . . . Intel | -11 -10 -10 -10 -9 -8 -8 ------- Run | Yrd Mat Min Exi Min Mat Sto Robot Analysis Total . | . . . . . . . Derelict Logs Recovered 1 | . . . . 1 . . Drone Launches . | . . . . . . . Drone Recoveries . | . . . . . . . Exploration | -11 -10 -10 -10 -9 -8 -8 ------------- Run | Yrd Mat Min Exi Min Mat Sto Turns Passed 1876 | 155 261 166 683 184 236 191 Spaces Moved 1041 | 103 122 102 415 108 94 97 Core 29 | 25 . . . . . 4 Treads 747 | 78 122 102 415 30 . . Legs . | . . . . . . . Wheels . | . . . . . . . Hover 6 | . . . . 6 . . Flight 259 | . . . . 72 94 93 Fastest Speed 40 | 50 160 160 160 117 197 40 Average Speed 157 | 133 160 160 160 134 197 155 Slowest Speed 200 | 160 160 160 160 200 197 200 Overloaded Moves . | . . . . . . . Propulsion Burnouts . | . . . . . . . Robots Hopped . | . . . . . . . Cave-ins Triggered . | . . . . . . . Exploration Rate (%) 24 | 6 17 36 62 25 10 16 Regions Visited 6 Branch Regions 4 Pre-discovered Areas . | . . . . . . . Known Exits Taken 1 | . . . . . 1 . Unknown Exits Taken 5 | 1 1 1 1 1 . . Scrap Searched 1 | . . . . 1 . . Spaces Dug . | . . . . . . . Terrain Destroyed . | . . . . . . . Melee . | . . . . . . . Projectile . | . . . . . . . AOE . | . . . . . . . Terrain Rammed . | . . . . . . . Walls Destroyed . | . . . . . . . Machines Disabled . | . . . . . . . Actions | -11 -10 -10 -10 -9 -8 -8 --------- Run | Yrd Mat Min Exi Min Mat Sto Total 1186 | 118 148 104 434 133 135 114 Wait 59 | 10 . 1 16 1 30 1 Move 1035 | 102 121 101 414 107 93 97 Hop . | . . . . . . . Pick Up 3 | . 1 . . 2 . . Fast Attach 20 | 6 . 2 2 3 5 2 Attach 4 | . . . . 3 1 . Detach 5 | . . . 2 1 1 1 Swap 1 | . 1 . . . . . Drop 1 | . . . . . . 1 Fire 44 | . 25 . . 14 5 . Melee 12 | . . . . . . 12 Ram 2 | . . . . 2 . . Kick . | . . . . . . . Crush . | . . . . . . . Escape Stasis . | . . . . . . . Rewire . | . . . . . . . Trap . | . . . . . . . Miscellaneous . | . . . . . . . Route ------- -11/Scrapyard -10/Materials -10/Mines -10/Exiles -9/Mines -8/Materials -8/Storage History --------- Turn | Location | Event 6 | -11/Scrapyard | Discovered new exit (range 16) 156 | -11/Scrapyard | Entered Materials 318 | -10/Materials | Build established: Mutant 396 | -10/Materials | Discovered new exit (range 13) 417 | -10/Materials | Entered Mines 440 | -10/Mines | Lost 3 parts (1p2w) 452 | -10/Mines | Assembled infested the area 470 | -10/Mines | Met a Derelict bent on vengeance 551 | -10/Mines | Met 8R-AWN 575 | -10/Mines | Discovered new exit (range 5) 583 | -10/Mines | Entered Exiles 628 | -10/Exiles | Welcomed by 8R-AWN 656 | -10/Exiles | Met EX-HEX 704 | -10/Exiles | Met EX-BIN 915 | -10/Exiles | Aligned with FarCom system 917 | -10/Exiles | Given EX-Vault access code 1010 | -10/Exiles | Opened EX-Vault 1030 | -10/Exiles | Found Prototype Device 1030 | -10/Exiles | Identified Cloak of Protection 1043 | -10/Exiles | Found Prototype Device 1043 | -10/Exiles | Identified Skeleton Box 1127 | -10/Exiles | Warned to stay clear of 0b10 Research branches 1183 | -10/Exiles | Met EX-DEC 1253 | -10/Exiles | Discovered new exit (range 10) 1266 | -10/Exiles | Stole two prototypes: Skeleton Box, Cloak of Protection 1266 | -10/Exiles | Entered Mines 1369 | -9/Mines | Lost 4 parts (1p2n1w) 1397 | -9/Mines | Learned Materials trap positions 1435 | -9/Mines | Discovered new exit (range 11) 1450 | -9/Mines | Entered Materials 1450 | -8/Materials | Evolved 4 slots: Power x1, Utility x3 1451 | -8/Materials | Loaded intel: 17 trap records 1544 | -8/Materials | Discovered new exit (range 12) 1640 | -8/Materials | Build established: Scavenger-Mutant 1674 | -8/Materials | Identified exit to Storage 1686 | -8/Materials | Entered Storage 1858 | -8/Storage | Core integrity fell below 50% 1871 | -8/Storage | Core integrity fell below 20% 1877 | -8/Storage | Destroyed by H-55 Commando with Gauss Rifle Last Messages --------------- 01852_ Skeleton Box destroyed. 01853_ Slug penetrates Wall. 01857_ Acquired 8 matter. 01859_ S-10 Pest suffers critical hit (Smash). 01859_ Destroyed Flight Unit. 01859_ Destroyed Lgt. Ion Engine. 01859_ S-10 Pest system corrupted by crushing effect. 01859_ S-10 Pest misfires. 01860_ S-10 Pest system terminally corrupted. 01860_ Flight Unit fried. 01860_ Lgt. Assault Rifle fried. 01862_ Slug penetrates Wall. 01862_ G-47 Trooper suffers critical hit (Smash). 01862_ G-47 Trooper destroyed. 01865_ Slug penetrates Wall. 01872_ Wall collapses. 01874_ Penetrated by Slug. 01876_ S-10 Pest destroyed. Map ----- +----------------------------------------------------+ | ?????????????????????????????????????????????????? | | ?????????????????????????????????????????????????? | | ?????????????????????????????????????????????????? | | ?????????????????????????????????????????????????? | | ??????????????????????a??????????????????????????? | | ?? ????????????????????????????????????????????? | | ?# ????????????????????????????????????????????? | | ?# ????????????????????????????????????????????? | | ?# ??????????????? ??????????????????????????? | | ?# ??????????????# #?????????????????????????? | | ?# ??????????????# #?????????????????????????? | | ?# ??????????????# #?????????????????????????? | | ?# #?????????????# #?????????????????????????? | | ?# #?????????????a #?????????????????????????? | | ?# #?????????????# #?????????????????????????? | | ?# ?????????????# #?????????????????????????? | | ?# #?????????????# #?????????????????????????? | | ?+ #?????????????# #?????????????????????????? | | ?# #??????#+#????# #?????????????????????????? | | ?# #??????# #????# ###########???????????????? | | ?# #??????# #????# # #???????????????? | | ?# #??????# #????# Y #! "???????????????????? | | ?# #??????# #????# #%[""""???????????????????? | | ## ######## ###### ;%= s"????????????????????? | | h; !"????????????????????? | | ##### + @ "????????????????????? | | #???# # %"""????????????????????? | | ###+######+###+#???# # ??????????????????????? | | ## ## #???##+######?????????????????????? | | ! ## """" #?????????????????????????????????? | | ! ## "??" #?????????????????????????????????? | | ##T### "??" #?????????????????????????????????? | | ?###?# "??" #?????????????????????????????????? | | ?????# "??" #?????????????????????????????????? | | ?????# """" #?????????????????????????????????? | | ?????# #?????????????????????????????????? | | ?????###########?????????????????????????????????? | | ?????????????????????????????????????????????????? | | ?????????????????????????????????????????????????? | | ?????????????????????????????????????????????????? | | | | | | | | | | | | | | | | | | | | | +----------------------------------------------------+ Best States ------------- Heat Dissipation 41 Energy Generation 19 Energy Capacity 250 Matter Stores 300 Matter Capacity 300 Sight Range 16 Terrain Scan Range 14 Terrain Scan Density 10 Cloak Strength 5 Weapon Shielding 33 Evasion (%) 62 Recoil Reduction 2 Item Schematics ----------------- None Robot Schematics ------------------ None Fabricated ------------ Nothing Alien Tech Used ----------------- None Achievements -------------- None Challenges ------------ None Game ------ Seed RainbowLightArachnoskeleton Manual? 0 Play Time 00:16:04 Cumulative 17.3 hours Start 2025.01.15 @ 23:43:48 End 2025.01.15 @ 23:58:22 Sessions 1 Manual Loads 0 Difficulty Rogue Special Mode None Game No. 44 Rogue 43 Adventurer 1 Explorer 0 Win Type - Total 0 Types 0/0/0/0/0/0/0/0/0 Lore% 7 Gallery% 24 Achievement% 18 Wizard Run 0 Options --------- Layout 2 ASCII 0 Keyboard 1 Movement Numpad Keybinds 0 Fullscreen 1 Font 24/Smallcaps Map View 50x44 Zoom Use 0% Tactical HUD 1 Map Filters NONE Filters NONE Steam 1 RUN: 14ec73ac-51a4-49d5-aa9f-87d6b71ff746